 Dungeon Crawl Stone Soup version 0.29.1-2-gbd0b4ee654 (webtiles) character file.

Game seed: 6623444785602188685

78 Descartes the Covered (level 4, -4/32 HPs)
             Began as a Formicid Wanderer on Nov 27, 2022.
             Slain by a worm (7 damage)
             ... on level 3 of the Dungeon.
             The game lasted 00:05:05 (1955 turns).

Descartes the Covered (Formicid Wanderer)           Turns: 1955, Time: 00:05:05

Health: -4/32      AC: 12    Str: 15    XL:     4   Next: 61%
Magic:  5/5        EV:  5    Int: 16    God:
Gold:   97         SH:  0    Dex: 12    Spells: 4/5 levels left

rFire   . . .      SeeInvis +   a - +2 short sword
rCold   . . .      Faith    .   (no shield)
rNeg    . . .      Spirit   .   d - +0 plate armour
rPois   .          Reflect  .   (helmet unavailable)
rElec   .          Harm     .   (no cloak)
rCorr   .          Rampage  .   (no gloves)
Will    .....                   j - +0 pair of boots
Stlth   ..........              k - amulet of the acrobat
HPRegen 0.10/turn               (no ring)
MPRegen 0.09/turn               (no ring)

@: no status effects
A: permanent stasis, dig shafts and tunnels, antennae 3, four strong arms
a: Dig, Shaft Self


You were on level 3 of the Dungeon.
You visited 1 branch of the dungeon, and saw 3 of its levels.

You collected 97 gold pieces.

Inventory:

Hand Weapons
 a - a +2 short sword (weapon)
Missiles
 s - 2 poisoned darts
Armour
 b - a +0 scale mail
 d - a +0 plate armour (worn)
 j - a +0 pair of boots (worn)
Jewellery
 k - an amulet of the acrobat (around neck)
 l - a ring of ice
 m - a ring of protection from cold
Scrolls
 c - a scroll of fog
 e - a scroll of enchant armour {unknown}
 f - a scroll of blinking {unknown}
 g - a scroll of enchant weapon {unknown}
 i - 2 scrolls of identify {unknown}
 n - a scroll of fear {unknown}
Potions
 h - a potion of experience {unknown}
 o - a potion of curing
 p - a potion of flight {unknown}
 q - a potion of haste
 r - a potion of lignification {unknown}


   Skills:
 - Level 1.1 Fighting
 - Level 2.0 Short Blades
 + Level 1.6 Maces & Flails
 + Level 3.2 Armour
 - Level 2.6 Dodging
 - Level 1.2 Stealth
 + Level 2.2 Shields
 - Level 1.1 Spellcasting
 - Level 1.0 Summonings


You had 4 spell levels left.
You knew the following spells:

 Your Spells              Type           Power      Damage    Failure   Level
a - Summon Small Mammal   Summ           16%        N/A       100%        1

Your spell library contained the following spells:

 Spells                   Type           Power      Damage    Failure   Level
 Summon Guardian Golem    Hex/Summ       2%         N/A       100%        3


Dungeon Overview and Level Annotations

Branches:
Dungeon (3/15)

Altars:
Fedhas

Shops:
D:2 (


Innate Abilities, Weirdness & Mutations

You cannot be hasted, slowed, berserked, paralysed or teleported.
You can dig through walls and to a lower floor.
You have a pair of large antennae on your head. (SInv)
Your four strong arms can wield two-handed weapons with a shield.


Message History

The worm closely misses you.
You hit the worm.
The worm is moderately wounded.
You hit the worm.
The worm is heavily wounded.
The worm bites you.
* * * LOW HITPOINT WARNING * * *
You hit the worm.
The worm is heavily wounded.
The worm bites you.
* * * LOW HITPOINT WARNING * * *
You hit the worm.
The worm is heavily wounded.
You barely miss the worm.
The worm is heavily wounded.
The worm barely misses you.
You hit the worm.
The worm is heavily wounded.
You hit the worm.
The worm is severely wounded.
The worm barely misses you.
Unknown command.
You barely miss the worm.
The worm is severely wounded.
The worm barely misses you.
You barely miss the worm.
The worm is severely wounded.
You hit the worm.
The worm is almost dead.
The worm bites you but does no damage.
You barely miss the worm.
The worm is severely wounded.
You hit the worm.
The worm is almost dead.
The worm bites you.
* * * LOW HITPOINT WARNING * * *
You barely miss the worm.
The worm is almost dead.
The worm bites you!
You die...

### #... .#.######
.......#### #
#........# #.
#......#.#######
#.##......#........
#..#..)<...@..#....
#........w###...##
###).....#....#.#
#............ #
#.........w##
#####.....#...# ##
##..........#..#
..####..#....#.#.....
#.........####.#...


You could see a worm.

Vanquished Creatures
  Jessica (D:3)
  2 bats (D:1)
  5 endoplasms
  2 giant cockroaches (D:2)
  7 goblins
  6 hobgoblins
  7 jackals (D:2)
  A quokka (D:1)
  4 ball pythons
  2 frilled lizards (D:1)
  5 kobolds
  3 rats (D:1)
45 creatures vanquished.

Vanquished Creatures (others)
  A ballistomycete spore (D:2)
1 creature vanquished.

Grand Total: 46 creatures vanquished

Notes
Turn   | Place    | Note
-------+----------+-------------------------------------------
     0 | D:1      | Descartes the Formicid Wanderer began the quest for the
                  | Orb.
     0 | D:1      | Descartes set off with the following items: a +2 short
                  | sword, a +0 scale mail, a scroll of fog; and the following
                  | spell memorised: Summon Small Mammal; and the following
                  | spells available to memorise: Summon Guardian Golem.
     0 | D:1      | Reached XP level 1. HP: 15/15 MP: 2/2
    56 | D:2      | Found Deaczys's Antique Weapon Shop.
    73 | D:2      | Reached skill level 2 in Armour
    77 | D:2      | Reached XP level 2. HP: 10/21 MP: 3/3
   391 | D:1      | Reached XP level 3. HP: 26/26 MP: 4/4
   397 | D:1      | Reached skill level 1 in Shields
   848 | D:1      | Found a faded altar of an unknown god.
   904 | D:1      | Reached skill level 1 in Maces & Flails
   939 | D:1      | Prayed at the altar of an unknown god.
   939 | D:1      | Became a worshipper of Fedhas Madash
   939 | D:1      | Reached * piety under Fedhas
  1027 | D:1      | Fell from the grace of Fedhas
  1630 | D:3      | Reached skill level 3 in Armour
  1861 | D:3      | Reached XP level 4. HP: 32/32 MP: 5/5
  1902 | D:3      | Noticed Jessica
  1923 | D:3      | HP: 1/32 [Jessica/+0 club (3)]
  1928 | D:3      | Killed Jessica
  1955 | D:3      | Slain by a worm

Illustrated notes

Levels and vault maps discovered:
D:1:      dpeg_arrival_three_bigger_balls, layout_loops_ring,
          nicolae_ecumenical_lake_church
D:2:      layout_rooms, serial_shops, shop
D:3:      layout_rooms, kennysheep_okawaru_gauntlet,
          mainiacjoe_overflow_surrounded_room, uniq_jessica, uniq_robin

Skill      XL: |  1  2  3  4 |
---------------+-------------+-----
Armour         | 2 3 |  3.2
Shields        | 1 2 |  2.2
Maces & Flails | 1 |  1.6
Fighting       | |  1.1
Short Blades   | |  2.0
Dodging        | |  2.6
Stealth        | |  1.2
Spellcasting   | |  1.1
Summonings     | |  1.0

Action                   |  1- 3 |  4- 6 || total
-------------------------+-------+-------++-------
Melee: Short sword       |   117 |    36 ||   153
Invok: Renounce Religion |     1 |       ||     1
  Use: Potion            |       |     2 ||     2
Armor: Scale mail        |    20 |       ||    20
       Plate armour      |    65 |    17 ||    82
Dodge: Dodged            |    52 |    11 ||    63
